 Dungeon Crawl Stone Soup version 0.29-a0-824-gd827844252 (webtiles) character file.

Game seed: 150260944171969751

12808 jimonade the Thaumaturge (level 12, -10/88 HPs)
             Began as a Djinni Fire Elementalist on July 10, 2022.
             Was a Priest of Makhleb.
             Mangled by a troll (14 damage)
             ... on level 11 of the Dungeon.
             The game lasted 00:51:28 (16748 turns).

jimonade the Thaumaturge (DjFE)                    Turns: 16748, Time: 00:51:29

Health: -10/88     AC: 10    Str: 11    XL:     12   Next: 24%
Gold:   397        EV: 10    Int: 16    God:    Makhleb [***...] SH:  4 Dex: 16

rFire   + + +      SeeInvis .   D - +3 dagger (elec)
rCold   x x .      Faith    .   Q - +0 buckler
rNeg    . . .      Spirit   .   H - +0 scale mail
rPois   ∞          Reflect  .   N - +0 helmet
rElec   .          Harm     .   F - +0 cloak
rCorr   .          Rampage  .   x - +0 pair of gloves
Will    ++...                   (boots unavailable)
Stlth   +.........              (no amulet)
HPRegen 0.24/turn               b - ring of fire
MPRegen 0.00/turn               y - ring of willpower

@: flying
A: sickness immunity, fire resistance 2, cold vulnerability 1, float, innate
caster, HP casting, extra vitality 1
a: Renounce Religion, Minor Destruction, Lesser Servant of Makhleb


You were on level 11 of the Dungeon.
You worshipped Makhleb.
Makhleb was most pleased with you.
You visited 1 branch of the dungeon, and saw 11 of its levels.

You collected 585 gold pieces.
You spent 188 gold pieces at shops.

Inventory:

Hand Weapons
 c - a +4 short sword
 D - a +3 dagger of electrocution (weapon)
 K - a +0 arbalest
 X - a +0 scimitar
Missiles
 d - 11 poisoned darts
 A - 3 boomerangs
 E - a throwing net
 S - 2 curare-tipped darts
Armour
 a - a +0 robe
 j - a +0 plate armour
 r - a +0 ring mail
 t - a +0 chain mail
 x - a +0 pair of gloves (worn)
 F - a +0 cloak (worn)
 H - a +0 scale mail (worn)
 N - a +0 helmet (worn)
 Q - a +0 buckler (worn)
 Y - a +0 leather armour
Magical Staves
 P - a staff of death
Jewellery
 b - a ring of fire (left hand)
 k - a +6 ring of strength
 y - a ring of willpower (right hand)
Wands
 f - a wand of iceblast (11)
 s - a wand of digging (2)
 L - a wand of acid (9)
 R - a wand of paralysis (8)
 T - a wand of mindburst (4)
Scrolls
 e - 4 scrolls of identify
 i - 8 scrolls of teleportation {unknown}
 l - a scroll of acquirement {unknown}
 m - 7 scrolls of poison {unknown}
 n - 3 scrolls of amnesia {unknown}
 o - a scroll of summoning {unknown}
 q - a scroll of fog {unknown}
 C - a scroll of immolation {unknown}
 I - 2 scrolls of enchant armour
 J - a scroll of magic mapping
 U - a scroll of blinking {unknown}
 V - a scroll of vulnerability {unknown}
 W - 4 scrolls of noise {unknown}
 Z - 3 scrolls of brand weapon {unknown}
Potions
 h - 2 potions of cancellation
 u - a potion of resistance
 v - 2 potions of brilliance {unknown}
 z - 2 potions of ambrosia {unknown}
 B - a potion of lignification {unknown}
 G - 2 potions of curing
 M - a potion of mutation {unknown}
 O - 3 potions of attraction
Miscellaneous
 p - a box of beasts


   Skills:
 * Level 8.6 Fighting
 + Level 0.7 Short Blades
 + Level 4.2 Armour
 + Level 4.6 Dodging
 - Level 1.5 Stealth
 + Level 0.1 Shields
 + Level 12.2 Spellcasting
 * Level 2.2 Invocations


You had 8 spell levels left.
You knew the following spells:

 Your Spells              Type           Power      Damage    Failure   Level
a - Foxfire               Conj/Fire      100%       2x1d9     1%          1
b - Scorch                Fire           100%       2d10      1%          2
c - Conjure Flame         Conj/Fire      65%        6-21      1%          3
d - Inner Flame           Hex/Fire       65%        N/A       1%          3
e - Flame Wave            Conj/Fire      65%        2d12      3%          4
f - Shock                 Conj/Air       100%       1d9       1%          1
g - Static Discharge      Conj/Air       48%        3-9/arc   1%          2
h - Ozocubu's Armour      Ice            48%        N/A       1%          3
i - Anguish               Hex/Necr       24%        N/A       3%          4
j - Dispel Undead         Necr           48%        3d18      3%          4
Your spell library was empty.

Dungeon Overview and Level Annotations

Branches:
Dungeon (11/15)            Temple (0/1) D:5
   Lair: D:8-11         Orc: D:9-12

Altars:
Cheibriados
Elyvilon
Gozag
Hepliaklqana
Makhleb
Nemelex Xobeh
Okawaru
Trog
Wu Jian
Zin

Shops:
D:1 *   D:5 ?[*[*

Annotations:
D:6 3 runed translucent doors, buhh's ghost, novice OpTm


Innate Abilities, Weirdness & Mutations

You are immune to sickness and miasma.
You are immune to poison.
Your flesh is very heat resistant. (rF++)
You are vulnerable to cold. (rC-)
You float through the air rather than walking.
You learn spells naturally, not from books.
Your magical power is your life essence.
You have superior vitality. (+4 MHP)


Message History

You feel yourself slow down. The wraith hits you but does no damage.
The troll closely misses you. The troll claws you. The troll claws you!
The wraith attacks as you move away! The wraith hits you but does no damage.
The electric eel shoots out a bolt of lightning at you!
The bolt of electricity hits you! The troll bites you! The troll claws you.
The troll closely misses you.
You feel yourself speed up. The ogre attacks as you move away!
The ogre barely misses you. The troll attacks as you move away!
The troll bites you!
* * * LOW HITPOINT WARNING * * *
The troll claws you.
* * * LOW HITPOINT WARNING * * *
The troll claws you but does no damage. The troll attacks as you move away!
The troll bites you but does no damage. The troll closely misses you.
The troll barely misses you. The troll attacks as you move away!
The troll bites you.
* * * LOW HITPOINT WARNING * * *
The troll claws you but does no damage. The troll barely misses you.
There is an open door here.
The troll attacks as you move away! The troll bites you but does no damage.
The troll claws you.
* * * LOW HITPOINT WARNING * * *
The troll barely misses you.
Okay, then.
Unknown command.
Okay, then.
Unknown command.
Unknown command.
The troll attacks as you move away! The troll bites you!
* * * LOW HITPOINT WARNING * * *
The troll closely misses you. The troll claws you.
* * * LOW HITPOINT WARNING * * *
The orc throws a boomerang.
The boomerang hits you.
* * * LOW HITPOINT WARNING * * *
The troll attacks as you move away! The troll barely misses you. x2
The troll completely misses you.
There is an open door here.
The troll attacks as you move away! The troll bites you!
You die...

#....### #...#....
#.##.#.# #...'....
#....#.# ##.O#....
#...##.#######..#####
#...#...........#
#...#.....o.....#
#...'WO.O.......#
#..T#################
#...@...............<
#.#..................
#.#..######......#...
#....######.........#
#....................
#...........#########
#.#.......#.#
#...........#########
#..))##'######.......


You could see a troll.

Vanquished Creatures
  A hydra (D:11)
  2 boulder beetles (D:11)
  2 two-headed ogres
  Pikel (D:5)
  A cyclops (D:11)
  An unseen horror (D:10)
  2 komodo dragons
  A troll (D:9)
  Grinder (D:5)
  A hornet (D:10)
  16 yaks
  A wyvern (D:8)
  A steam dragon (D:8)
  2 humans (D:7)
  3 vampire mosquitoes (D:10)
  3 acid dragons
  2 water moccasins
  4 orc warriors
  2 ogres
  A black bear (D:5)
  2 wolves (D:11)
  4 centaurs
  A lemure (D:5)
  Blork the orc (D:5)
  2 kobold brigands
  A wyvern zombie (D:6)
  A bullfrog (D:8)
  2 gnoll sergeants (D:10)
  A necrophage (D:7)
  A water moccasin zombie (D:6)
  3 scorpions
  7 wights
  6 killer bees
  3 jellies
  A centaur zombie (D:6)
  A human zombie (D:6)
  6 hounds
  2 bullfrog zombies (D:6)
  7 orc priests
  Crazy Yiuf (D:5)
  Natasha (thrice) (D:2)
  3 iguanas
  7 orc wizards
  2 killer bee zombies (D:6)
  A mummy (D:6)
  A howler monkey zombie (D:6)
  7 adders
  9 gnolls
  A shadow imp (D:7)
  3 ufetubi (D:5)
  2 worms
  5 dart slugs
  28 orcs
  6 ball pythons
  11 endoplasms
  5 giant cockroaches
  10 goblins
  6 hobgoblins
  3 jackals (D:1)
  26 kobolds
  3 quokkas
  8 bats
  6 frilled lizards
  3 rats
260 creatures vanquished.

Vanquished Creatures (others)
  232 foxfires
232 creatures vanquished.

Grand Total: 492 creatures vanquished

Notes
Turn   | Place    | Note
-------+----------+-------------------------------------------
     0 | D:1      | jimonade the Djinni Fire Elementalist began the quest for
                  | the Orb.
     0 | D:1      | jimonade set off with the following spells memorised:
                  | Foxfire, Scorch, Conjure Flame, Inner Flame, Flame Wave.
     0 | D:1      | Reached XP level 1. HP: 15/15 MP: 0/0
   287 | D:1      | Reached XP level 2. HP: 21/22 MP: 0/0
   489 | D:1      | Found Avyguery's General Store.
   502 | D:1      | Reached XP level 3. HP: 16/26 MP: 0/0
   502 | D:1      | Learned a level 1 spell: Shock
   692 | D:1      | Reached skill level 1 in Fighting
   700 | D:1      | Reached skill level 3 in Spellcasting
  1471 | D:2      | Reached XP level 4. HP: 22/32 MP: 0/0
  1612 | D:2      | Noticed Natasha
  1621 | D:2      | Killed Natasha
  1790 | D:2      | Reached XP level 5. HP: 35/38 MP: 0/0
  1790 | D:2      | Learned a level 2 spell: Static Discharge
  2149 | D:2      | Noticed Natasha
  2158 | D:2      | Killed Natasha
  2386 | D:2      | Noticed Natasha
  2393 | D:2      | Killed Natasha
  2394 | D:2      | Reached skill level 4 in Spellcasting
  3162 | D:3      | Reached XP level 6. HP: 40/43 MP: 0/0
  4146 | D:3      | Found a white marble altar of Elyvilon.
  4773 | D:4      | Found a bloodstained altar of Trog.
  4852 | D:4      | You are sucked into a shaft and drop 1 floor!
  4852 | D:5      | Entered Level 5 of the Dungeon
  4864 | D:5      | Found Xaqer's Armour Boutique.
  4998 | D:5      | Bought a +0 cloak for 58 gold pieces
  5109 | D:5      | Reached XP level 7. HP: 44/50 MP: 0/0
  5109 | D:5      | Learned a level 3 spell: Ozocubu's Armour
  5176 | D:5      | Noticed Blork the orc
  5181 | D:5      | Killed Blork the orc
  5233 | D:5      | Noticed Grinder
  5241 | D:5      | Killed Grinder
  5242 | D:5      | Reached skill level 5 in Spellcasting
  5390 | D:5      | Noticed a water moccasin
  5397 | D:5      | Killed a water moccasin
  5398 | D:5      | Reached XP level 8. HP: 45/58 MP: 0/0
  5475 | D:5      | Found a sparkling altar of Nemelex Xobeh.
  5475 | D:5      | Found a burning altar of Makhleb.
  5476 | D:5      | Found a glowing silver altar of Zin.
  5484 | D:5      | Became a worshipper of Makhleb the Destroyer
  5493 | D:5      | Found a staircase to the Ecumenical Temple.
  5532 | D:5      | Noticed Pikel
  5556 | D:5      | Found Azus's Armour Shoppe.
  5632 | D:5      | Found Zanaqics's Magic Scroll Shop.
  5639 | D:5      | Bought a scroll of enchant armour for 75 gold pieces
  5639 | D:5      | Bought a scroll of magic mapping for 35 gold pieces
  5639 | D:5      | Bought a scroll of identify for 20 gold pieces
  5706 | D:5      | Reached skill level 6 in Spellcasting
  5784 | D:5      | Found Saystrus's General Store.
  5839 | D:5      | Killed Pikel
  6001 | D:5      | Found an ornate altar of the Wu Jian Council.
  6137 | D:5      | Found Biumaeliha's General Store.
  6173 | D:5      | Found a runed translucent door.
  6174 | D:5      | Noticed Crazy Yiuf
  6179 | D:5      | Killed Crazy Yiuf
  6180 | D:5      | Reached skill level 7 in Spellcasting
  6235 | D:5      | Reached XP level 9. HP: 58/64 MP: 0/0
  6235 | D:5      | Learned a level 4 spell: Anguish
  6343 | D:6      | Found a runed translucent gate.
  6343 | D:6      | Found a runed translucent gate.
  6343 | D:6      | Found a runed translucent gate.
  6347 | D:6      | Found an opulent altar of Gozag.
  6377 | D:6      | Reached skill level 5 in Fighting
  6677 | D:6      | Found a hazy altar of Hepliaklqana.
  6752 | D:6      | Reached * piety under Makhleb
  6822 | D:6      | Noticed buhh's ghost (novice OpTm)
  7248 | D:6      | Reached skill level 8 in Spellcasting
  8705 | D:7      | Reached skill level 9 in Spellcasting
  8705 | D:7      | Reached XP level 10. HP: 59/72 MP: 0/0
  8773 | D:7      | Found an iron altar of Okawaru.
 10237 | D:8      | Reached skill level 1 in Armour
 10240 | D:8      | Reached skill level 10 in Spellcasting
 10502 | D:8      | Reached ** piety under Makhleb
 11219 | D:8      | Found a snail-covered altar of Cheibriados.
 11299 | D:8      | Noticed a komodo dragon
 11306 | D:8      | Killed a komodo dragon
 11714 | D:9      | Noticed a two-headed ogre
 11727 | D:9      | Killed a two-headed ogre
 11728 | D:9      | Reached XP level 11. HP: 27/79 MP: 0/0
 11728 | D:9      | Learned a level 4 spell: Dispel Undead
 12391 | D:9      | Reached skill level 11 in Spellcasting
 13128 | D:10     | Entered Level 10 of the Dungeon
 13786 | D:10     | Noticed a two-headed ogre
 13807 | D:10     | Killed a two-headed ogre
 15190 | D:11     | Noticed a cyclops
 15207 | D:11     | Killed a cyclops
 15302 | D:11     | Noticed a boulder beetle
 15316 | D:11     | Killed a boulder beetle
 15317 | D:11     | Reached skill level 1 in Invocations
 15317 | D:11     | Reached XP level 12. HP: 50/88 MP: 0/0
 15594 | D:11     | Noticed a seven-headed hydra
 15604 | D:11     | Killed a seven-headed hydra
 15605 | D:11     | Reached skill level 12 in Spellcasting
 16257 | D:11     | Noticed a boulder beetle
 16291 | D:11     | Killed a boulder beetle
 16654 | D:11     | Reached *** piety under Makhleb
 16742 | D:11     | HP: 3/88 [orc/boomerang (4)]
 16748 | D:11     | Mangled by a troll

Illustrated notes

Levels and vault maps discovered:
D:1:      dpeg_arrival_refuge, layout_loops_ring, serial_shops, shop_fountains
D:2:      layout_basic, kennysheep_generic_room_10, uniq_natasha
D:3:      minmay_diamond_boxcup, layout_loops_ring, mainiacjoe_overflow_brackets
D:4:      layout_rooms, trog_hazing_becter
D:5:      black_bear_nest_2, layout_basic, gammafunk_temple_overflow_claw,
          nicolae_wu_jian_wuxing_cycle, minmay_temple_entry_glass, serial_shops,
          nicolae_shop_trees, nicolae_square_shop, nicolae_stop_n_shop_1,
          nicolae_shop_stone, shop_statue, dreamdust_princess_corridor,
          uniq_blork_the_orc, uniq_crazy_yiuf_cottage, uniq_grinder, uniq_pikel
D:6:      layout_basic, lemuel_mausoleum_altar_kikubaaqudgha,
          nicolae_overflow_hidden_temple, ebering_ghost_gozag,
          skrybe_limestone_x
D:7:      layout_layer_cave, okawaru_humans, minmay_strange_pillars,
          hellmonk_bongcloud_opening
D:8:      layout_basic, cheibrodos_worm_habitat
D:9:      layout_irregular_city, minmay_misc_feat_alley,
          minmay_misc_feat_rugged, grunt_decor_mini_mirrors
D:10:     layout_basic
D:11:     layout_stronghold, erik_lair_island, uniq_lodul

Skill      XL: |  1  2  3  4  5  6  7  8  9 10 11 12 |
---------------+-------------------------------------+-----
Fighting       | 1 2 3 4 6 7 8 |  8.6
Spellcasting   | 3 4 5 7 9 10 11 12 | 12.2
Dodging        | 3 4 |  4.6
Armour         | 2 3 4 |  4.2
Invocations    | 1 2 |  2.2
Short Blades   | |  0.7
Stealth        | |  1.5
Shields        | |  0.1

Action                   |  1- 3 |  4- 6 |  7- 9 | 10-12 || total
-------------------------+-------+-------+-------+-------++-------
Melee: Hand axe          |    28 |    99 |       |       ||   127
       Dagger            |       |    23 |     5 |    32 ||    60
       Punch             |       |     2 |       |       ||     2
 Cast: Foxfire           |    24 |    21 |    40 |    57 ||   142
       Scorch            |    13 |    53 |    73 |    75 ||   214
       Static Discharge  |       |     1 |       |       ||     1
       Inner Flame       |       |       |    27 |    83 ||   110
       Conjure Flame     |       |       |       |     6 ||     6
       Ozocubu's Armour  |       |       |       |     1 ||     1
       Flame Wave        |       |       |       |     1 ||     1
  Use: Scroll            |       |       |       |     7 ||     7
       Potion            |       |       |       |     2 ||     2
 Stab: Sleeping          |       |     4 |       |       ||     4
Armor: Robe              |    11 |    21 |     4 |       ||    36
       Ring mail         |       |       |       |    11 ||    11
       Scale mail        |       |       |       |    28 ||    28
Dodge: Dodged            |    34 |    91 |    26 |    72 ||   223
Block: Buckler           |       |       |       |     8 ||     8

Table legend: (Time is in decaauts)
 A = Elapsed time spent in this place.
 B = Non-inter-level travel time spent in this place.
 C = Inter-level travel time spent in this place.
 D = Time resting spent in this place.
 E = Time spent auto-exploring this place.
 F = Levels seen in this place.
 G = Mean time per level.
                   A        B        C        D        E       F      G
               +--------+--------+--------+--------+--------+-----+--------+
         Total |  16776 |  16336 |    440 |   3599 |   9328 |  11 | 1525.1 |
       Dungeon |  16776 |  16336 |    440 |   3599 |   9328 |  11 | 1525.1 |
               +--------+--------+--------+--------+--------+-----+--------+

Top non-repeatable levels by time:
    D:10: 2329 daAuts
     D:7: 2287 daAuts
     D:2: 1667 daAuts
     D:6: 1650 daAuts
     D:3: 1517 daAuts
     D:9: 1503 daAuts
     D:5: 1477 daAuts
     D:1: 1468 daAuts
     D:8: 1359 daAuts
    D:11: 1278 daAuts
     D:4: 237 daAuts
